 Seeded DCSS version 0.30-a0-371-gad7725a93e (webtiles) character file.

Game seed: 4139312654047781886 (custom seed)

355 purpskrrrp the Sneak (level 6, -14/37 HPs)
             Began as a Vampire Brigand on Nov 22, 2022.
             Demolished by a yak (15 damage)
             ... on level 4 of the Dungeon.
             The game lasted 00:09:23 (2866 turns).

purpskrrrp the Sneak (Vampire Brigand)              Turns: 2866, Time: 00:09:23

Health: -14/37     AC:  0    Str:  8 (10) XL:     6   Next: 36%
Magic:  4/6        EV: 21    Int: 12 (14) God:
Gold:   222        SH:  0    Dex: 19 (22) Spells: 5/5 levels left

rFire   . . .      SeeInvis +    (weapon currently unavailable)
rCold   + + .      Faith    .    (shield currently unavailable)
rNeg    + + +      Spirit   .    (body armour currently unavailable)
rPois   ∞          Reflect  .    (helmet currently unavailable)
rElec   .          Harm     .    (cloak currently unavailable)
rCorr   .          Rampage  .    (gloves currently unavailable)
Will    .....                    (boots currently unavailable)
Stlth   ++++++....               (no amulet)
HPRegen 0.00/turn                (ring currently unavailable)
MPRegen 0.10/turn                (ring currently unavailable)

@: bat-form, flying, bloodless, inhibited regen, very quick
A: fast, flying, no casting, tiny, bloodless, fangs 3, see invisible, vampiric 2
a: Revivify, End Transformation


You were on level 4 of the Dungeon.
You were a vampire bat.
You visited 1 branch of the dungeon, and saw 4 of its levels.

You collected 222 gold pieces.

Inventory:

Hand Weapons
 a - a +3 dagger
 t - a +3 dagger of speed (melded)
Missiles
 d - 13 poisoned darts
 e - 3 curare-tipped darts
Armour
 b - a +0 robe
 c - a +0 cloak
 f - a scarf of shadows
 n - the +1 leather armour of the Swamp (melded) {Harm Rampage Str+4 Slay+2}
   (You found it on level 2 of the Dungeon)

   Str:       It affects your strength (+4).
   Slay:      It affects your accuracy & damage with ranged weapons and melee
   (+2).
   Harm:      It increases damage dealt and taken.
   Rampage:   It bestows one free step when moving towards enemies.
 y - the +1 cloak of Starlight (melded) {*Dazzle EV+4 Stlth--}
   (You acquired it on level 4 of the Dungeon)

   It may blind those who miss an attack against the wearer in melee combat.
   EV:        It affects your evasion (+4).
   Stlth:     It makes you much less stealthy.
Jewellery
 i - a ring of flight (melded)
 q - a +4 ring of protection (melded)
Wands
 k - a wand of flame (25)
 r - a wand of polymorph (10)
Scrolls
 g - 2 scrolls of amnesia
 u - a scroll of magic mapping
Potions
 h - 2 potions of degeneration
 j - 2 potions of curing {unknown}
 l - a potion of heal wounds {unknown}
 m - 2 potions of might {unknown}
 o - 2 potions of magic {unknown}
 p - a potion of mutation {unknown}
 s - 2 potions of berserk rage {unknown}
 v - a potion of invisibility {unknown}
 w - a potion of ambrosia {unknown}
 x - 2 potions of haste {unknown}


   Skills:
 + Level 3.1 Fighting
 + Level 3.8 Short Blades
 + Level 2.8 Throwing
 + Level 3.2 Dodging
 + Level 7.4 Stealth


You had 5 spell levels left.
You didn't know any spells.
Your spell library contained the following spells:

 Spells                   Type           Power      Damage    Failure   Level
 Frozen Ramparts          Ice            0%         1d1       69%         3
 Hailstorm                Conj/Ice       0%         3d3       69%         3
 Ice Form                 Ice/Tmut       0%         N/A       97%         4
 Summon Ice Beast         Ice/Summ       0%         N/A       97%         4
 Simulacrum               Ice/Necr       0%         N/A       100%        6


Dungeon Overview and Level Annotations

Branches:
Dungeon (4/15)             Temple (0/1) D:4

Altars:
Vehumet

Shops:
D:2 (


Innate Abilities, Weirdness & Mutations

You are a vampire bat.
You are tiny and dextrous.
You move quickly.
You are flying.
You are immune to poison.
Your equipment is almost entirely melded.
You are incapable of wielding weapons or throwing items.
You cannot cast spells.
You do not regenerate when monsters are visible.
You are frail without blood (-20% HP).
You can heal yourself when you bite living creatures.
You are immune to poison.
You have razor-sharp teeth.
You have supernaturally acute eyesight. (SInv)
You are afflicted with vampirism and can become a bat while bloodless.


Message History

The yak is moderately wounded.
The yak closely misses you.
You barely miss the yak.
The yak is moderately wounded.
You hit the yak.
The yak is heavily wounded.
The yak closely misses you. The yak barely misses you. The yak gores you!
You hit the yak.
The yak is heavily wounded.
The yak barely misses you. The yak closely misses you. The yak gores you.
You hit the yak.
The yak is severely wounded.
You hit the yak.
The yak is severely wounded.
The yak gores you. The yak completely misses you.
The yak gores you but does no damage.
You are too injured to fight recklessly!
You are too injured to fight recklessly!
You are too injured to fight recklessly!
You are too injured to fight recklessly!
You are too injured to fight recklessly!
You are too injured to fight recklessly!
You are too injured to fight recklessly!
You are too injured to fight recklessly!
You are too injured to fight recklessly!
You are too injured to fight recklessly!
The yak attacks as you move away! The yak gores you!
* * * LOW HITPOINT WARNING * * *
The yak attacks as you move away! The yak completely misses you.
Okay, then.
You turn into a vampire bat.
Your +3 dagger of speed melds into your body.
The +1 cloak of Starlight {*Dazzle EV+4 Stlth--} melds into your body.
The +1 leather armour of the Swamp {Harm Rampage Str+4 Slay+2} melds into your body.
Your ring of flight melds into your body.
Your +4 ring of protection melds into your body.
You float gracefully downwards.
You feel weakened.
You feel dopey.
You feel clumsy. The yak gores you!
You die...

.........#...#...........
.........#...#...........
.........+...............
Y........#..#............
.........#...............
..####.Y....#.#.###+####.#
##..##..#####...###.#..##.####'#
.............Y###...##.........#
............#YYb.....#.........#
.............##..>..##........+
$............#........#......#
#.##.##.####.##...###....#..##
####'##.#######..#.###...####+###
.............#...#.#.....#.......
.............#...........#.......
.............'....#......#.......
..#.....###'###......######......


You could see 3 yaks.

Vanquished Creatures
  A yak (D:4)
  2 jellies
  An orc wizard (D:3)
  A gnoll (D:1)
  4 adders
  5 orcs (D:3)
  7 bats
  9 endoplasms
  4 giant cockroaches
  4 goblins
  3 hobgoblins
  5 jackals
  2 kobolds
  4 quokkas
  8 ball pythons
  A frilled lizard (D:2)
  9 rats
70 creatures vanquished.

Notes
Turn   | Place    | Note
-------+----------+-------------------------------------------
     0 | D:1      | purpskrrrp the Vampire Brigand began the quest for the Orb.
     0 | D:1      | Reached XP level 1. HP: 16/16 MP: 1/1
   208 | D:1      | Reached skill level 6 in Stealth
   214 | D:1      | Reached XP level 2. HP: 17/17 MP: 2/2
   418 | D:1      | Found a faded altar of an unknown god.
   463 | D:1      | Gained mutation: You are afflicted with vampirism and can
                  | become a bat while bloodless. [Vampire growth]
   463 | D:1      | Reached XP level 3. HP: 21/21 MP: 3/3
   887 | D:2      | Identified the +1 leather armour of the Swamp {Harm Rampage
                  | Str+4 Slay+2}
  1207 | D:2      | Found Cueng's Weapon Shoppe.
  1277 | D:2      | Found a radiant altar of Vehumet.
  1636 | D:3      | Reached XP level 4. HP: 27/27 MP: 4/4
  2281 | D:4      | Noticed a yak
  2284 | D:4      | Reached XP level 5. HP: 31/31 MP: 5/5
  2418 | D:4      | Identified a scroll of acquirement
  2418 | D:4      | Acquired the +1 cloak of Starlight {*Dazzle EV+4 Stlth--}
  2418 | D:4      | Found the +1 cloak of Starlight {*Dazzle EV+4 Stlth--}
  2652 | D:4      | Reached skill level 7 in Stealth
  2717 | D:4      | Found a staircase to the Ecumenical Temple.
  2759 | D:4      | Noticed a yak
  2796 | D:4      | Killed a yak
  2797 | D:4      | Reached XP level 6. HP: 24/37 MP: 6/6
  2850 | D:4      | Noticed a yak
  2851 | D:4      | Noticed a yak
  2853 | D:4      | Noticed a yak
  2854 | D:4      | Noticed a yak
  2864 | D:4      | HP: 1/37 [yak (12)]
  2866 | D:4      | Demolished by a yak

Illustrated notes

Levels and vault maps discovered:
D:1:      zaba_arrival_water, layout_basic, hellmonk_ecumenical_altar_run_dry,
          minivault_4
D:2:      layout_basic, basic_altar, serial_shops, shop
D:3:      layout_rooms
D:4:      layout_gridville, minmay_temple_entry_slanted, dreamdust_wishing_well

Skill      XL: |  1  2  3  4  5 |
---------------+----------------+-----
Stealth        | 6 7 |  7.4
Fighting       | 2 3 |  3.1
Throwing       | 2 |  2.8
Dodging        | 2 3 |  3.2
Short Blades   | 3 |  3.8

Action                   |  1- 3 |  4- 6 || total
-------------------------+-------+-------++-------
Melee: Dagger            |    72 |    86 ||   158
       Bite              |     4 |    16 ||    20
       Punch             |     2 |     1 ||     3
 Abil: Exsanguinate      |     1 |       ||     1
       Bat Form          |       |     2 ||     2
       End Transformatio |       |     1 ||     1
  Use: Scroll            |     7 |     4 ||    11
 Stab: Sleeping          |    25 |    10 ||    35
       Distracted        |     1 |       ||     1
Armor: Robe              |     8 |       ||     8
       Leather armour    |     8 |    12 ||    20
Dodge: Dodged            |    26 |    38 ||    64

Table legend: (Time is in decaauts)
 A = Elapsed time spent in this place.
 B = Non-inter-level travel time spent in this place.
 C = Inter-level travel time spent in this place.
 D = Time resting spent in this place.
 E = Time spent auto-exploring this place.
 F = Levels seen in this place.
 G = Mean time per level.
                   A        B        C        D        E       F      G
               +--------+--------+--------+--------+--------+-----+--------+
         Total |   2812 |   2715 |     97 |    325 |   1651 |   4 |  703.0 |
       Dungeon |   2812 |   2715 |     97 |    325 |   1651 |   4 |  703.0 |
               +--------+--------+--------+--------+--------+-----+--------+

Top non-repeatable levels by time:
     D:2: 1018 daAuts
     D:1: 638 daAuts
     D:3: 593 daAuts
     D:4: 561 daAuts
